Jets vs Wild

Created - 3 octobre 2018 at 16:32

Simulating a Pre-Season

Goals
1 2 3 T
Jets 0 0 0 0
Wild 1 0 3 4
Shots
1 2 3 T
Jets 9 9 3 21
Wild 13 8 13 34

1st period

1. Wild , Alexander Edler 1 (Marco Scandella 1) at 4:44 (PP)

Penalties :
Rickard Rakell (WPG) for Roughing (Minor) at 3:47, Alexander Edler (MIN) for Interference (Minor) at 15:33, Hampus Lindholm (WPG) for Interference (Minor) at 18:36

2nd period

No Goal

Penalties :
No Penalty

3rd period

2. Wild , Marco Scandella 2 (Trevor Lewis 1, Alexander Edler 2) at 14:35
3. Wild , Tanner Pearson 1 (Christian Dvorak 1, Patrik Nemeth 1) at 18:16 (PP)
4. Wild , Trevor Lewis 1 (Derick Brassard 2, Jason Spezza 3) at 18:39 (PP)

Penalties :
Hampus Lindholm (WPG) for Holding (Minor) at 6:35, Matt Bartkowski (WPG) for Boarding (Minor) at 16:53, Cory Schneider (WPG) for Slashing (Minor) at 17:45 - Derek MacKenzie served the penalty.

Goalie Stats

Cory Schneider (WPG), 30 saves from 34 shots - (0.882), L, 0-2-1, 60:00 minutes
James Reimer (MIN), 21 saves from 21 shots - (1.000), W, 2-1-0, 60:00 minutes

Players Stats for Jets

Player Name              G  A  P  +/- PIM S  H  SB GA TA FO     MP     PP MP  PK MP  
------------------------------------------------------------------------------------
Bryan Rust               0  0  0   0  0   0  1  0  0  0  0/1    17:02   0:45   0:00 
Cam Atkinson             0  0  0   0  0   3  0  0  0  0  0/1    19:28   1:14   0:00 
Carter Rowney            0  0  0   0  0   1  0  0  0  0  0/1     5:20   0:00   1:30 
Derek MacKenzie          0  0  0   0  0   0  3  0  0  0  1/1     8:02   0:00   4:12 
Erik Gustafsson          0  0  0   0  0   0  1  1  0  0  0/0    19:19   1:14   2:23 
Hampus Lindholm          0  0  0  -1  4   0  2  0  0  0  0/0    21:34   0:45   1:28 
Jamie Benn               0  0  0   0  0   2  4  0  0  0  4/17   19:59   1:14   0:31 
Jeff Skinner             0  0  0   0  0   2  0  0  0  0  2/2    17:02   0:45   0:00 
Jonas Brodin             0  0  0  -1  0   0  0  1  0  0  0/0    24:21   0:45   4:13 
Jordie Benn              0  0  0   0  0   0  3  0  0  0  0/0    20:18   0:00   2:28 
Matt Bartkowski          0  0  0   0  2   0  1  1  0  0  0/0    15:23   0:00   0:22 
Mika Zibanejad           0  0  0   0  0   3  1  0  0  0  7/16   17:02   0:45   0:00 
Mikko Koivu              0  0  0  -1  0   1  2  0  0  0  9/18   14:37   0:00   1:38 
Nino Niederreiter        0  0  0  -1  0   1  0  0  0  0  0/1    12:59   0:00   0:00 
Ondrej Kase              0  0  0  -1  0   1  0  0  0  0  1/1    12:59   0:00   0:00 
Radek Faksa              0  0  0   0  0   1  0  1  0  0  5/16    8:50   0:00   5:00 
Rickard Rakell           0  0  0   0  2   4  0  0  0  0  1/1    19:27   1:14   0:00 
Tobias Enstrom           0  0  0   0  0   2  0  0  0  0  0/0    19:02   1:14   2:28 

Players Stats for Wild

Player Name              G  A  P  +/- PIM S  H  SB GA TA FO     MP     PP MP  PK MP  
------------------------------------------------------------------------------------
Adam Cracknell           0  0  0   0  0   3  1  0  0  0  2/2    17:39   0:18   0:00 
Alexander Edler          1  1  2   1  2   4  3  2  0  0  0/0    26:10   4:06   0:00 
Christian Dvorak         0  1  1   0  0   5  2  0  0  0  11/21  20:53   2:29   1:02 
Christian Fischer        0  0  0   0  0   1  0  0  0  0  0/0     2:50   0:18   0:00 
Christian Folin          0  0  0   0  0   1  1  0  0  0  0/0    15:14   1:48   0:00 
Derick Brassard          0  1  1   1  0   4  1  0  0  0  16/25  22:40   3:40   1:02 
Henrik Sedin             0  0  0   0  0   1  0  0  0  0  12/21  18:06   0:00   0:45 
Jason Pominville         0  0  0   0  0   4  1  0  0  0  0/0    17:33   2:43   0:00 
Jason Spezza             0  1  1   1  0   2  0  0  0  0  2/3    21:02   3:40   0:45 
Joonas Donskoi           0  0  0   0  0   1  1  0  0  0  0/0    17:33   0:00   0:12 
Josh Gorges              0  0  0   0  0   0  2  4  0  0  0/0    14:11   0:00   0:45 
Luke Schenn              0  0  0   0  0   0  4  1  0  0  0/0    15:17   0:47   0:56 
Marco Scandella          1  1  2   1  0   2  0  1  0  0  0/0    22:26   4:20   0:51 
Mark Pysyk               0  0  0   0  0   0  1  2  0  0  0/0    21:02   1:50   1:08 
Patrik Nemeth            0  1  1   0  0   0  0  0  0  0  0/0     5:39   0:31   0:18 
Ryan Callahan            0  0  0   0  0   1  0  0  0  0  0/1     1:43   0:32   0:00 
Tanner Pearson           1  0  1   0  0   1  2  0  0  0  2/2    17:45   2:43   0:12 
Trevor Lewis             1  1  2   1  0   4  2  0  0  0  1/1    20:17   3:40   0:00 

3 Stars

1 - James Reimer (MIN)
2 - Trevor Lewis (MIN)
3 - Alexander Edler (MIN)

Power Play

Jets - 0 on 1 Attempt(s) - 0.00%
Wild - 3 on 5 Attempt(s) - 60.00%

Penalty Kill

Jets - 2 on 5 Attempt(s) - 40.00% - Score 0 goal in Penalty Kill
Wild - 1 on 1 Attempt(s) - 100.00% - Score 0 goal in Penalty Kill

Team Stat

Jets - Hits : 18 - Faceoff Wins : 30 - Blocked Shots : 4 - Penalty Minutes : 10
Wild - Hits : 21 - Faceoff Wins : 46 - Blocked Shots : 10 - Penalty Minutes : 2

Official

Referees : Marc Joannette and Dan O'Rourke
Linesman : Mike Cvik and Ryan Gibbons

Game Notes

Luke Schenn is injured at 6:25 of 3rd period (Sprained Left Ankle)

% Time on Ice - Jets

Lines # - Real PCT - Wanted PCT - Time Play
Normal Forward
1 - 36% - 38% - 18:14
2 - 32% - 32% - 16:17
3 - 25% - 26% - 12:59
4 - 7% - 4% - 3:50
Normal Defense
1 - 38% - 40% - 19:23
2 - 30% - 30% - 15:20
3 - 27% - 20% - 13:45
4 - 6% - 10% - 2:52
PP Forward
1 - 62% - 60% - 1:14
2 - 38% - 40% - 0:45
PP Defense
1 - 38% - 60% - 0:45
2 - 62% - 40% - 1:14
PK Forward
1 - 76% - 60% - 4:40
2 - 24% - 40% - 1:30
PK Defense
1 - 60% - 60% - 3:42
2 - 40% - 40% - 2:28
PK3 Forward
1 - 74% - 60% - 0:23
2 - 26% - 40% - 0:08
PK3 Defense
1 - 100% - 60% - 0:31
2 - 0% - 40% - 0:00
44 Forward
1 - 0% - 60%
2 - 0% - 40%
44 Defense
1 - 0% - 60%
2 - 0% - 40%
Last Minute Offensive  - 0:00
Last Minute Defensive  - 0:00
Total
Forward - 60:00
Defense - 60:00

% Time on Ice - Wild

Lines # - Real PCT - Wanted PCT - Time Play
Normal Forward
1 - 32% - 40% - 16:37
2 - 29% - 30% - 14:50
3 - 34% - 20% - 17:21
4 - 5% - 10% - 2:32
Normal Defense
1 - 34% - 40% - 17:15
2 - 35% - 30% - 18:04
3 - 22% - 20% - 11:11
4 - 9% - 10% - 4:50
PP Forward
1 - 55% - 60% - 3:40
2 - 45% - 40% - 3:01
PP Defense
1 - 60% - 60% - 4:02
2 - 40% - 40% - 2:39
PK Forward
1 - 62% - 60% - 1:14
2 - 38% - 40% - 0:45
PK Defense
1 - 53% - 60% - 1:03
2 - 47% - 40% - 0:56
PK3 Forward
1 - 0% - 60%
2 - 0% - 40%
PK3 Defense
1 - 0% - 60%
2 - 0% - 40%
44 Forward
1 - 0% - 60%
2 - 0% - 40%
44 Defense
1 - 0% - 60%
2 - 0% - 40%
Last Minute Offensive  - 0:00
Last Minute Defensive  - 0:00
Total
Forward - 60:00
Defense - 60:00

Play-by-Play

1st period


0:01 of 1st period - Derick Brassard wins face-off versus Jamie Benn in neutral zone.
0:15 of 1st period - Off-side.
0:16 of 1st period - Christian Dvorak wins face-off versus Mika Zibanejad in neutral zone.
0:25 of 1st period - Shot by Tanner Pearson.
0:25 of 1st period - Shot Misses the Net.
0:37 of 1st period - Shot by Jeff Skinner.
0:37 of 1st period - Stopped by James Reimer without a rebound.
0:38 of 1st period - Henrik Sedin wins face-off versus Nino Niederreiter in Wild zone.
0:42 of 1st period - Christian Folin is hit by Matt Bartkowski and loses puck.
0:54 of 1st period - Off-side.
0:55 of 1st period - Derick Brassard wins face-off versus Jamie Benn in neutral zone.
1:18 of 1st period - Shot by Rickard Rakell.
1:18 of 1st period - Shot Misses the Net.
2:01 of 1st period - Shot by Christian Dvorak.
2:01 of 1st period - Stopped by Cory Schneider with a rebound.
2:25 of 1st period - Shot by Jason Pominville.
2:25 of 1st period - Stopped by Cory Schneider without a rebound.
2:26 of 1st period - Henrik Sedin wins face-off versus Mikko Koivu in Jets zone.
3:34 of 1st period - Off-side.
3:35 of 1st period - Mika Zibanejad wins face-off versus Derick Brassard in neutral zone.
3:40 of 1st period - Shot by Mika Zibanejad.
3:40 of 1st period - Stopped by James Reimer without a rebound.
3:41 of 1st period - Christian Dvorak wins face-off versus Mika Zibanejad in Wild zone.
3:45 of 1st period - Off-side.
3:46 of 1st period - Derick Brassard wins face-off versus Jamie Benn in neutral zone.
3:46 of 1st period - Derick Brassard is hit by Jamie Benn.
3:47 of 1st period - Minor Penalty to Rickard Rakell for Roughing.
3:48 of 1st period - Derek MacKenzie wins face-off versus Derick Brassard in Jets zone.
4:03 of 1st period - Shot by Alexander Edler.
4:03 of 1st period - Stopped by Cory Schneider without a rebound.
4:04 of 1st period - Tanner Pearson wins face-off versus Radek Faksa in Jets zone.
4:05 of 1st period - Shot by Christian Dvorak.
4:05 of 1st period - Shot Blocked by Jonas Brodin.
4:07 of 1st period - Shot by Christian Dvorak.
4:07 of 1st period - Stopped by Cory Schneider without a rebound.
4:08 of 1st period - Radek Faksa wins face-off versus Derick Brassard in Jets zone.
4:44 of 1st period - Shot by Alexander Edler.
4:44 of 1st period - Goal by Alexander Edler - Jets : 0 - Wild : 1.
4:45 of 1st period - Christian Dvorak wins face-off versus Jamie Benn in neutral zone.
4:47 of 1st period - Tanner Pearson is hit by Jordie Benn and loses puck.
5:01 of 1st period - Shot by Cam Atkinson.
5:01 of 1st period - Shot Misses the Net.
5:03 of 1st period - Shot by Rickard Rakell.
5:03 of 1st period - Stopped by James Reimer with a rebound.
5:09 of 1st period - Shot by Cam Atkinson.
5:09 of 1st period - Shot Blocked by Mark Pysyk.
5:11 of 1st period - Shot by Cam Atkinson.
5:11 of 1st period - Stopped by James Reimer without a rebound.
5:12 of 1st period - Henrik Sedin wins face-off versus Mika Zibanejad in Wild zone.
5:53 of 1st period - Mika Zibanejad is hit by Alexander Edler and loses puck.
6:23 of 1st period - Icing by Tobias Enstrom.
6:24 of 1st period - Derick Brassard wins face-off versus Mikko Koivu in Jets zone.
8:11 of 1st period - Off-side.
8:12 of 1st period - Henrik Sedin wins face-off versus Bryan Rust in neutral zone.
8:25 of 1st period - Shot by Adam Cracknell.
8:25 of 1st period - Shot Misses the Net.
8:57 of 1st period - Shot by Derick Brassard.
8:57 of 1st period - Shot Misses the Net.
9:21 of 1st period - Shot by Jason Spezza.
9:21 of 1st period - Shot Misses the Net.
9:48 of 1st period - Icing by Alexander Edler.
9:49 of 1st period - Christian Dvorak wins face-off versus Jamie Benn in Wild zone.
10:01 of 1st period - Shot by Christian Dvorak.
10:01 of 1st period - Stopped by Cory Schneider without a rebound.
10:02 of 1st period - Ondrej Kase wins face-off versus Henrik Sedin in Jets zone.
10:26 of 1st period - Shot by Mikko Koivu.
10:26 of 1st period - Stopped by James Reimer without a rebound.
10:27 of 1st period - Derick Brassard wins face-off versus Jamie Benn in Wild zone.
11:17 of 1st period - Shot by Tanner Pearson.
11:17 of 1st period - Shot Blocked by Matt Bartkowski.
11:19 of 1st period - Shot by Marco Scandella.
11:19 of 1st period - Shot Misses the Net.
11:30 of 1st period - Icing by Matt Bartkowski.
11:31 of 1st period - Rickard Rakell wins face-off versus Henrik Sedin in Jets zone.
12:01 of 1st period - Off-side.
12:02 of 1st period - Tanner Pearson wins face-off versus Mika Zibanejad in neutral zone.
12:04 of 1st period - Off-side.
12:05 of 1st period - Mika Zibanejad wins face-off versus Derick Brassard in neutral zone.
12:07 of 1st period - Bryan Rust is hit by Alexander Edler and loses puck.
12:32 of 1st period - Alexander Edler is hit by Hampus Lindholm.
12:36 of 1st period - Shot by Trevor Lewis.
12:36 of 1st period - Deflect By Derick Brassard.
12:36 of 1st period - Stopped by Cory Schneider without a rebound.
12:37 of 1st period - Mikko Koivu wins face-off versus Christian Dvorak in Jets zone.
12:37 of 1st period - Nino Niederreiter is hit by Jason Pominville.
13:01 of 1st period - Shot by Christian Dvorak.
13:01 of 1st period - Stopped by Cory Schneider without a rebound.
13:02 of 1st period - Adam Cracknell wins face-off versus Radek Faksa in Jets zone.
13:07 of 1st period - Shot by Henrik Sedin.
13:07 of 1st period - Stopped by Cory Schneider with a rebound.
14:21 of 1st period - Shot by Mika Zibanejad.
14:21 of 1st period - Shot Misses the Net.
14:42 of 1st period - Icing by Erik Gustafsson.
14:43 of 1st period - Christian Dvorak wins face-off versus Jamie Benn in Jets zone.
14:48 of 1st period - Shot by Jason Pominville.
14:48 of 1st period - Stopped by Cory Schneider with a rebound.
14:58 of 1st period - Shot by Jamie Benn.
14:58 of 1st period - Stopped by James Reimer with a rebound.
15:00 of 1st period - Shot by Matt Bartkowski.
15:00 of 1st period - Shot Blocked by Josh Gorges.
15:02 of 1st period - Shot by Jamie Benn.
15:02 of 1st period - Deflect By Rickard Rakell.
15:02 of 1st period - Stopped by James Reimer without a rebound.
15:03 of 1st period - Henrik Sedin wins face-off versus Mikko Koivu in Wild zone.
15:20 of 1st period - Shot by Joonas Donskoi.
15:20 of 1st period - Shot Misses the Net.
15:33 of 1st period - Minor Penalty to Alexander Edler for Interference.
15:34 of 1st period - Derick Brassard wins face-off versus Cam Atkinson in Wild zone.
16:16 of 1st period - Cam Atkinson is hit by Luke Schenn and loses puck.
17:30 of 1st period - Shot by Cam Atkinson.
17:30 of 1st period - Stopped by James Reimer with a rebound.
17:32 of 1st period - Shot by Cam Atkinson.
17:32 of 1st period - Shot Misses the Net.
18:00 of 1st period - Shot by Nino Niederreiter.
18:00 of 1st period - Shot Misses the Net.
18:27 of 1st period - Icing by Adam Cracknell.
18:28 of 1st period - Adam Cracknell wins face-off versus Radek Faksa in Wild zone.
18:36 of 1st period - Minor Penalty to Hampus Lindholm for Interference.
18:37 of 1st period - Derick Brassard wins face-off versus Radek Faksa in Jets zone.
19:05 of 1st period - Shot by Jason Spezza.
19:05 of 1st period - Stopped by Cory Schneider with a rebound.
19:07 of 1st period - Shot by Luke Schenn.
19:07 of 1st period - Shot Blocked by Radek Faksa.
19:15 of 1st period - Shot by Luke Schenn.
19:15 of 1st period - Shot Blocked by Erik Gustafsson.
19:31 of 1st period - Shot by Tanner Pearson.
19:31 of 1st period - Shot Misses the Net.
19:33 of 1st period - Shot by Alexander Edler.
19:33 of 1st period - Stopped by Cory Schneider without a rebound.
19:34 of 1st period - Mikko Koivu wins face-off versus Christian Dvorak in Jets zone.
19:47 of 1st period - Shot by Jason Pominville.
19:47 of 1st period - Stopped by Cory Schneider without a rebound.
19:48 of 1st period - Mikko Koivu wins face-off versus Derick Brassard in Jets zone.
19:59 of 1st period - Shot by Radek Faksa.
19:59 of 1st period - Stopped by James Reimer without a rebound.
Goals for this period are 0 for Jets vs 1 for Wild.
Shots for this period are 9 for Jets vs 13 for Wild.

2nd period


0:01 of 2nd period - Derick Brassard wins face-off versus Radek Faksa in neutral zone.
0:01 of 2nd period - Derick Brassard is hit by Derek MacKenzie.
1:44 of 2nd period - Shot by Adam Cracknell.
1:44 of 2nd period - Stopped by Cory Schneider without a rebound.
1:45 of 2nd period - Derick Brassard wins face-off versus Mika Zibanejad in Jets zone.
1:48 of 2nd period - Shot by Marco Scandella.
1:48 of 2nd period - Stopped by Cory Schneider without a rebound.
1:49 of 2nd period - Derick Brassard wins face-off versus Mika Zibanejad in Jets zone.
2:05 of 2nd period - Icing by Bryan Rust.
2:06 of 2nd period - Henrik Sedin wins face-off versus Mika Zibanejad in Jets zone.
3:53 of 2nd period - Shot by Rickard Rakell.
3:53 of 2nd period - Stopped by James Reimer without a rebound.
3:54 of 2nd period - Jamie Benn wins face-off versus Christian Dvorak in Wild zone.
3:54 of 2nd period - Rickard Rakell is hit by Luke Schenn and loses puck.
3:58 of 2nd period - Icing by Mark Pysyk.
3:59 of 2nd period - Jamie Benn wins face-off versus Christian Dvorak in Wild zone.
3:59 of 2nd period - Hampus Lindholm is hit by Luke Schenn and loses puck.
4:14 of 2nd period - Shot by Cam Atkinson.
4:14 of 2nd period - Shot Misses the Net.
4:16 of 2nd period - Shot by Jamie Benn.
4:16 of 2nd period - Stopped by James Reimer without a rebound.
4:17 of 2nd period - Mika Zibanejad wins face-off versus Henrik Sedin in Wild zone.
4:18 of 2nd period - Shot by Jeff Skinner.
4:18 of 2nd period - Shot Blocked by Marco Scandella.
4:20 of 2nd period - Shot by Mika Zibanejad.
4:20 of 2nd period - Stopped by James Reimer with a rebound.
4:22 of 2nd period - Shot by Tobias Enstrom.
4:22 of 2nd period - Shot Blocked by Alexander Edler.
4:24 of 2nd period - Shot by Jordie Benn.
4:24 of 2nd period - Shot Misses the Net.
4:26 of 2nd period - Shot by Tobias Enstrom.
4:26 of 2nd period - Shot Misses the Net.
4:28 of 2nd period - Shot by Tobias Enstrom.
4:28 of 2nd period - Stopped by James Reimer without a rebound.
4:29 of 2nd period - Derick Brassard wins face-off versus Jamie Benn in Wild zone.
5:02 of 2nd period - Shot by Rickard Rakell.
5:02 of 2nd period - Stopped by James Reimer with a rebound.
5:43 of 2nd period - Shot by Tobias Enstrom.
5:43 of 2nd period - Stopped by James Reimer without a rebound.
5:44 of 2nd period - Henrik Sedin wins face-off versus Mikko Koivu in Wild zone.
5:44 of 2nd period - Adam Cracknell is hit by Mikko Koivu.
5:49 of 2nd period - Henrik Sedin is hit by Mikko Koivu and loses puck.
6:02 of 2nd period - Shot by Adam Cracknell.
6:02 of 2nd period - Shot Misses the Net.
6:04 of 2nd period - Shot by Christian Folin.
6:04 of 2nd period - Shot Misses the Net.
6:06 of 2nd period - Shot by Adam Cracknell.
6:06 of 2nd period - Stopped by Cory Schneider without a rebound.
6:07 of 2nd period - Mika Zibanejad wins face-off versus Christian Dvorak in Jets zone.
6:27 of 2nd period - Shot by Tanner Pearson.
6:27 of 2nd period - Deflect By Jason Pominville.
6:27 of 2nd period - Stopped by Cory Schneider without a rebound.
6:28 of 2nd period - Henrik Sedin wins face-off versus Mikko Koivu in Jets zone.
6:51 of 2nd period - Shot by Nino Niederreiter.
6:51 of 2nd period - Stopped by James Reimer without a rebound.
6:52 of 2nd period - Derick Brassard wins face-off versus Jamie Benn in Wild zone.
7:19 of 2nd period - Cam Atkinson is hit by Mark Pysyk and loses puck.
7:45 of 2nd period - Icing by Jonas Brodin.
7:46 of 2nd period - Jamie Benn wins face-off versus Henrik Sedin in Jets zone.
8:40 of 2nd period - Shot by Christian Dvorak.
8:40 of 2nd period - Shot Misses the Net.
8:42 of 2nd period - Shot by Tanner Pearson.
8:42 of 2nd period - Deflect By Christian Dvorak.
8:42 of 2nd period - Shot Misses the Net.
8:44 of 2nd period - Shot by Josh Gorges.
8:44 of 2nd period - Shot Misses the Net.
8:48 of 2nd period - Shot by Christian Dvorak.
8:48 of 2nd period - Shot Misses the Net.
8:50 of 2nd period - Shot by Christian Dvorak.
8:50 of 2nd period - Stopped by Cory Schneider without a rebound.
8:51 of 2nd period - Derick Brassard wins face-off versus Mikko Koivu in Jets zone.
9:06 of 2nd period - Ondrej Kase is hit by Trevor Lewis and loses puck.
9:18 of 2nd period - Shot by Derick Brassard.
9:18 of 2nd period - Stopped by Cory Schneider without a rebound.
9:19 of 2nd period - Radek Faksa wins face-off versus Christian Dvorak in Jets zone.
10:18 of 2nd period - Icing by Hampus Lindholm.
10:19 of 2nd period - Derick Brassard wins face-off versus Mika Zibanejad in Jets zone.
12:07 of 2nd period - Shot by Tanner Pearson.
12:07 of 2nd period - Shot Misses the Net.
12:39 of 2nd period - Shot by Derick Brassard.
12:39 of 2nd period - Stopped by Cory Schneider without a rebound.
12:40 of 2nd period - Mikko Koivu wins face-off versus Henrik Sedin in Jets zone.
12:49 of 2nd period - Shot by Ondrej Kase.
12:49 of 2nd period - Shot Blocked by Josh Gorges.
13:02 of 2nd period - Mikko Koivu is hit by Christian Folin and loses puck.
14:23 of 2nd period - Off-side.
14:24 of 2nd period - Radek Faksa wins face-off versus Ryan Callahan in neutral zone.
14:29 of 2nd period - Shot by Carter Rowney.
14:29 of 2nd period - Stopped by James Reimer without a rebound.
14:30 of 2nd period - Mikko Koivu wins face-off versus Jason Spezza in Wild zone.
15:31 of 2nd period - Hampus Lindholm is hit by Josh Gorges and loses puck.
15:48 of 2nd period - Shot by Tanner Pearson.
15:48 of 2nd period - Shot Misses the Net.
15:55 of 2nd period - Carter Rowney is hit by Christian Dvorak and loses puck.
16:30 of 2nd period - Jamie Benn is hit by Luke Schenn and loses puck.
16:35 of 2nd period - Shot by Cam Atkinson.
16:35 of 2nd period - Stopped by James Reimer without a rebound.
16:36 of 2nd period - Mika Zibanejad wins face-off versus Henrik Sedin in Wild zone.
17:26 of 2nd period - Ondrej Kase is hit by Joonas Donskoi and loses puck.
17:39 of 2nd period - Shot by Nino Niederreiter.
17:39 of 2nd period - Shot Misses the Net.
17:42 of 2nd period - Icing by Trevor Lewis.
17:43 of 2nd period - Jason Spezza wins face-off versus Jamie Benn in Wild zone.
18:17 of 2nd period - Shot by Derick Brassard.
18:17 of 2nd period - Shot Misses the Net.
18:41 of 2nd period - Shot by Jason Pominville.
18:41 of 2nd period - Shot Misses the Net.
18:43 of 2nd period - Shot by Christian Folin.
18:43 of 2nd period - Stopped by Cory Schneider without a rebound.
18:44 of 2nd period - Mika Zibanejad wins face-off versus Henrik Sedin in Jets zone.
Goals for this period are 0 for Jets vs 0 for Wild.
Shots for this period are 9 for Jets vs 8 for Wild.

3rd period


0:01 of 3rd period - Jamie Benn wins face-off versus Derick Brassard in neutral zone.
0:01 of 3rd period - Jamie Benn is hit by Derick Brassard.
0:19 of 3rd period - Shot by Derick Brassard.
0:19 of 3rd period - Deflect By Trevor Lewis.
0:19 of 3rd period - Shot Misses the Net.
0:41 of 3rd period - Rickard Rakell is hit by Alexander Edler and loses puck.
1:04 of 3rd period - Marco Scandella is hit by Jamie Benn and loses puck.
1:58 of 3rd period - Shot by Jeff Skinner.
1:58 of 3rd period - Stopped by James Reimer without a rebound.
1:59 of 3rd period - Henrik Sedin wins face-off versus Mikko Koivu in Wild zone.
2:14 of 3rd period - Shot by Nino Niederreiter.
2:14 of 3rd period - Deflect By Ondrej Kase.
2:14 of 3rd period - Stopped by James Reimer without a rebound.
2:15 of 3rd period - Henrik Sedin wins face-off versus Radek Faksa in Wild zone.
2:15 of 3rd period - Henrik Sedin is hit by Derek MacKenzie.
2:28 of 3rd period - Icing by Erik Gustafsson.
2:29 of 3rd period - Christian Dvorak wins face-off versus Radek Faksa in Jets zone.
2:35 of 3rd period - Off-side.
2:36 of 3rd period - Jeff Skinner wins face-off versus Derick Brassard in neutral zone.
2:45 of 3rd period - Bryan Rust is hit by Christian Dvorak and loses puck.
3:51 of 3rd period - Icing by Jonas Brodin.
3:52 of 3rd period - Mikko Koivu wins face-off versus Henrik Sedin in Jets zone.
3:52 of 3rd period - Mikko Koivu is hit by Adam Cracknell.
4:24 of 3rd period - Shot by Jamie Benn.
4:24 of 3rd period - Shot Misses the Net.
5:47 of 3rd period - Tobias Enstrom is hit by Trevor Lewis and loses puck.
5:55 of 3rd period - Icing by Jeff Skinner.
5:56 of 3rd period - Christian Dvorak wins face-off versus Mika Zibanejad in Jets zone.
6:23 of 3rd period - Shot by Nino Niederreiter.
6:23 of 3rd period - Shot Misses the Net.
6:25 of 3rd period - Shot by Mikko Koivu.
6:25 of 3rd period - Shot Blocked by Luke Schenn.
6:25 of 3rd period - Luke Schenn from Wild is injured at 6:25 of 3rd period (Sprained Left Ankle).
6:26 of 3rd period - Henrik Sedin wins face-off versus Radek Faksa in Wild zone.
6:26 of 3rd period - Henrik Sedin is hit by Derek MacKenzie.
6:35 of 3rd period - Minor Penalty to Hampus Lindholm for Holding.
6:36 of 3rd period - Radek Faksa wins face-off versus Christian Dvorak in Jets zone.
6:47 of 3rd period - Shot by Marco Scandella.
6:47 of 3rd period - Shot Misses the Net.
6:49 of 3rd period - Shot by Marco Scandella.
6:49 of 3rd period - Deflect By Tanner Pearson.
6:49 of 3rd period - Shot Misses the Net.
7:27 of 3rd period - Shot by Jason Spezza.
7:27 of 3rd period - Stopped by Cory Schneider without a rebound.
7:28 of 3rd period - Derick Brassard wins face-off versus Carter Rowney in Jets zone.
7:29 of 3rd period - Shot by Mark Pysyk.
7:29 of 3rd period - Shot Misses the Net.
8:30 of 3rd period - Shot by Alexander Edler.
8:30 of 3rd period - Stopped by Cory Schneider without a rebound.
8:31 of 3rd period - Derick Brassard wins face-off versus Radek Faksa in Jets zone.
8:34 of 3rd period - Shot by Alexander Edler.
8:34 of 3rd period - Deflect By Derick Brassard.
8:34 of 3rd period - Stopped by Cory Schneider with a rebound.
9:06 of 3rd period - Shot by Jamie Benn.
9:06 of 3rd period - Shot Blocked by Alexander Edler.
9:32 of 3rd period - Shot by Jeff Skinner.
9:32 of 3rd period - Deflect By Mika Zibanejad.
9:32 of 3rd period - Stopped by James Reimer without a rebound.
9:33 of 3rd period - Mikko Koivu wins face-off versus Derick Brassard in Wild zone.
9:38 of 3rd period - Shot by Nino Niederreiter.
9:38 of 3rd period - Shot Blocked by Mark Pysyk.
10:19 of 3rd period - Off-side.
10:20 of 3rd period - Christian Dvorak wins face-off versus Jamie Benn in neutral zone.
10:20 of 3rd period - Christian Dvorak is hit by Jamie Benn.
11:50 of 3rd period - Shot by Joonas Donskoi.
11:50 of 3rd period - Stopped by Cory Schneider without a rebound.
11:51 of 3rd period - Mikko Koivu wins face-off versus Derick Brassard in Jets zone.
12:53 of 3rd period - Shot by Jamie Benn.
12:53 of 3rd period - Shot Misses the Net.
13:05 of 3rd period - Shot by Rickard Rakell.
13:05 of 3rd period - Shot Misses the Net.
13:14 of 3rd period - Off-side.
13:15 of 3rd period - Jeff Skinner wins face-off versus Christian Dvorak in neutral zone.
13:15 of 3rd period - Jeff Skinner is hit by Tanner Pearson.
13:46 of 3rd period - Mika Zibanejad is hit by Tanner Pearson and loses puck.
13:53 of 3rd period - Mark Pysyk is hit by Mika Zibanejad and loses puck.
14:01 of 3rd period - Icing by Christian Folin.
14:02 of 3rd period - Christian Dvorak wins face-off versus Mikko Koivu in Wild zone.
14:33 of 3rd period - Shot by Trevor Lewis.
14:33 of 3rd period - Stopped by Cory Schneider with a rebound.
14:35 of 3rd period - Shot by Marco Scandella.
14:35 of 3rd period - Goal by Marco Scandella - Jets : 0 - Wild : 2.
14:36 of 3rd period - Henrik Sedin wins face-off versus Jamie Benn in neutral zone.
14:51 of 3rd period - Alexander Edler is hit by Jordie Benn and loses puck.
15:31 of 3rd period - Trevor Lewis is hit by Jamie Benn and loses puck.
15:42 of 3rd period - Trevor Lewis is hit by Bryan Rust and loses puck.
15:52 of 3rd period - Bryan Rust is hit by Josh Gorges and loses puck.
16:12 of 3rd period - Shot by Jeff Skinner.
16:12 of 3rd period - Shot Blocked by Josh Gorges.
16:14 of 3rd period - Shot by Mika Zibanejad.
16:14 of 3rd period - Shot Blocked by Josh Gorges.
16:45 of 3rd period - Alexander Edler is hit by Erik Gustafsson and loses puck.
16:53 of 3rd period - Minor Penalty to Matt Bartkowski for Boarding.
16:54 of 3rd period - Christian Dvorak wins face-off versus Radek Faksa in Jets zone.
16:54 of 3rd period - Christian Dvorak is hit by Jordie Benn.
17:00 of 3rd period - Shot by Marco Scandella.
17:00 of 3rd period - Shot Hit the Post.
17:06 of 3rd period - Shot by Christian Dvorak.
17:06 of 3rd period - Shot Misses the Net.
17:08 of 3rd period - Shot by Alexander Edler.
17:08 of 3rd period - Deflect By Christian Dvorak.
17:08 of 3rd period - Shot Misses the Net.
17:41 of 3rd period - Shot by Adam Cracknell.
17:41 of 3rd period - Stopped by Cory Schneider with a rebound.
17:43 of 3rd period - Shot by Christian Fischer.
17:43 of 3rd period - Stopped by Cory Schneider with a rebound.
17:45 of 3rd period - Shot by Ryan Callahan.
17:45 of 3rd period - Stopped by Cory Schneider without a rebound.
17:45 of 3rd period - Minor Penalty to Cory Schneider for Slashing.
17:46 of 3rd period - Mikko Koivu wins face-off versus Christian Dvorak in Jets zone.
17:56 of 3rd period - Icing by Christian Dvorak.
17:57 of 3rd period - Radek Faksa wins face-off versus Christian Dvorak in Wild zone.
18:02 of 3rd period - Shot by Radek Faksa.
18:02 of 3rd period - Shot Misses the Net.
18:14 of 3rd period - Shot by Christian Dvorak.
18:14 of 3rd period - Shot Hit the Post.
18:16 of 3rd period - Shot by Tanner Pearson.
18:16 of 3rd period - Goal by Tanner Pearson - Jets : 0 - Wild : 3.
18:17 of 3rd period - Trevor Lewis wins face-off versus Mikko Koivu in neutral zone.
18:29 of 3rd period - Shot by Trevor Lewis.
18:29 of 3rd period - Stopped by Cory Schneider without a rebound.
18:30 of 3rd period - Jason Spezza wins face-off versus Radek Faksa in Jets zone.
18:39 of 3rd period - Shot by Trevor Lewis.
18:39 of 3rd period - Goal by Trevor Lewis - Jets : 0 - Wild : 4.
18:40 of 3rd period - Mika Zibanejad wins face-off versus Henrik Sedin in neutral zone.
18:58 of 3rd period - Shot by Henrik Sedin.
18:58 of 3rd period - Shot Misses the Net.
19:37 of 3rd period - Shot by Trevor Lewis.
19:37 of 3rd period - Stopped by Cory Schneider without a rebound.
19:38 of 3rd period - Christian Dvorak wins face-off versus Jamie Benn in Jets zone.
19:38 of 3rd period - Christian Dvorak is hit by Hampus Lindholm.
19:46 of 3rd period - Shot by Christian Dvorak.
19:46 of 3rd period - Deflect By Jason Pominville.
19:46 of 3rd period - Shot Misses the Net.
Goals for this period are 0 for Jets vs 3 for Wild.
Shots for this period are 3 for Jets vs 13 for Wild.